 Dungeon Crawl Stone Soup version 0.21.0-24-g2553a33 (webtiles) character file.

99 sugabear the Slasher (level 4, -2/23 HPs)
             Began as a Vine Stalker Gladiator on Jan 21, 2018.
             Slain by a gnoll
             ... wielding a +0 spear
              (4 damage)
             ... on level 2 of the Dungeon.
             The game lasted 00:01:02 (1667 turns).

sugabear the Slasher (Vine Stalker Gladiator)       Turns: 1667, Time: 00:01:03

Health: -2/23      AC:  4    Str: 17    XL:     4   Next: 72%
Magic:  0/5        EV: 13    Int:  8    God:
Gold:   54         SH:  0    Dex: 16    Spells: 3/3 levels left

rFire    . . .     SeeInvis .   a - +0 long sword
rCold    . . .     Gourm    .   (no shield)
rNeg     . . .     Faith    .   b - +0 leather armour
rPois    .         Spirit   +   c - +0 helmet
rElec    .         Reflect  .   (no cloak)
rCorr    .         Harm     .   (no gloves)
MR       .....                  (no boots)
Stlth    +.........             (no amulet)
HPRegen  0.47/turn              (no ring)
MPRegen  0.09/turn              (no ring)

@: no status effects
A: fangs 2, regeneration 1, magic shield, antimagic bite, no potion heal 3, rot
immunity
a: no special abilities


You were on level 2 of the Dungeon.
You were not hungry.

You visited 1 branch of the dungeon, and saw 2 of its levels.

You collected 54 gold pieces.

Inventory:

Hand Weapons
 a - a +0 long sword (weapon)
Missiles
 d - 3 throwing nets (quivered)
Armour
 b - a +0 leather armour (worn)
 c - a +0 helmet (worn)
Scrolls
 g - 3 scrolls of identify {unknown}
 h - a scroll of noise {unknown}
Potions
 e - a potion of curing {unknown}
 j - a potion of berserk rage {unknown}
Comestibles
 f - 3 rations
 i - 2 chunks of flesh


   Skills:
 + Level 2.1 Fighting
 + Level 4.0 Long Blades
 + Level 1.8 Throwing
 + Level 1.0 Armour
 + Level 2.8 Dodging
 + Level 0.5 Stealth


You had 3 spell levels left.
You didn't know any spells.

Dungeon Overview and Level Annotations

Branches:
Dungeon (2/15)

Altars:


Innate Abilities, Weirdness & Mutations

You have extremely sharp teeth.
Your natural rate of healing is unusually fast.
When hurt, damage is shared between your health and your magic reserves.
Your bite disrupts and absorbs the magic of your enemies.
Potions cannot restore your health.
You are immune to rotting.


Message History

The gnoll misses you.
The gnoll hits you from afar with a spear.
The gnoll closely misses you.
Things that are here:
a whip; a gnoll corpse You barely miss the gnoll.
You bite the gnoll, but do no damage.
The gnoll hits you from afar with a spear.
The gnoll hits you but does no damage.
You hit the gnoll.
The gnoll is heavily wounded.
The gnoll hits you from afar with a spear!
The gnoll hits you with a spear!
* * * LOW HITPOINT WARNING * * *
The gnoll misses you.
You hit the gnoll. You bite the gnoll. You drain its power.
You feel invigorated.
You kill the gnoll!
Your Long Blades skill increases to level 4!
The gnoll hits you from afar with a spear.
You die...

#...............#
#.###############
#.# #.# #.# #.#
#.# # #.#
#######.. #@#
#........ #)#
#........
#g#####........
#gg.gg'g.......
#######g......#
+.......#
#g......#
g#.##+### # .#


You could see 2 gnolls and a goblin.

Vanquished Creatures
  6 gnolls (D:2)
  An adder (D:2)
  A worm (D:2)
  A dart slug (D:1)
  A leopard gecko (D:2)
  A giant cockroach (D:2)
  3 goblins
  8 hobgoblins
  A bat (D:2)
  4 kobolds
  2 rats (D:2)
29 creatures vanquished.

Notes
Turn   | Place    | Note
-------+----------+-------------------------------------------
     0 | D:1      | sugabear the Vine Stalker Gladiator began the quest for the Orb.
     0 | D:1      | Reached XP level 1. HP: 11/11 MP: 2/2
   212 | D:1      | Reached skill level 3 in Long Blades
   343 | D:1      | Reached XP level 2. HP: 14/15 MP: 3/3
   891 | D:2      | Reached XP level 3. HP: 14/18 MP: 4/4
  1440 | D:2      | Gained mutation: Your natural rate of healing is unusually fast. [Vine Stalker growth]
  1440 | D:2      | Reached XP level 4. HP: 23/23 MP: 5/5
  1663 | D:2      | Reached skill level 1 in Armour
  1667 | D:2      | Reached skill level 4 in Long Blades
  1667 | D:2      | Slain by a gnoll

Skill      XL: |  1  2  3  4 |
---------------+-------------+-----
Long Blades    | 3 4 |  4.0
Fighting       | 2 |  2.1
Armour         | 1 |  1.0
Throwing       | |  1.8
Dodging        | |  2.8
Stealth        | |  0.5

Action                   |  1- 3 |  4- 6 || total
-------------------------+-------+-------++-------
Melee: Long sword        |    63 |    19 ||    82
       Bite              |    22 |     6 ||    28
 Stab: Sleeping          |     1 |       ||     1
  Eat: Chunk             |     1 |     1 ||     2
Armor: Leather armour    |    12 |     1 ||    13
Dodge: Dodged            |    29 |    20 ||    49
       Rpst.: Long sword |     7 |     3 ||    10
